 Dungeon Crawl Stone Soup version 0.21.1-1-g345015f (webtiles) character file.

128 theblackcape the Sneak (level 5, 0/37 HPs)
             Began as a Gnoll Wanderer on June 10, 2018.
             Slain by Grinder (2 damage)
             ... on level 3 of the Dungeon.
             The game lasted 00:17:43 (3405 turns).

theblackcape the Sneak (Gnoll Wanderer)             Turns: 3405, Time: 00:17:44

Health: 0/37       AC:  2    Str: 15    XL:     5   Next: 11%
Magic:  12/12      EV: 13    Int: 16    God:
Gold:   193        SH:  0    Dex: 13    Spells: 13/14 levels left

rFire    . . .     SeeInvis .   f - +0 dagger
rCold    . . .     Gourm    .   (no shield)
rNeg     . . .     Faith    .   i - +0 robe (curse)
rPois    .         Spirit   .   (no helmet)
rElec    .         Reflect  .   (no cloak)
rCorr    .         Harm     .   (no gloves)
MR       .....                  (no boots)
Stlth    +++.......             e - amulet of magic regeneration
HPRegen  0.12/turn              (no ring)
MPRegen  0.38/turn              (no ring)

@: no status effects
A: distributed training, fangs 1, strong nose
a: no special abilities


You were on level 3 of the Dungeon.
You were not hungry.

You visited 1 branch of the dungeon, and saw 3 of its levels.

You collected 193 gold pieces.

Inventory:

Hand Weapons
 f - a +0 dagger (weapon)
 q - a +0 whip
 w - a +1 hunting sling
Missiles
 m - 19 arrows
 s - 48 stones (quivered)
Armour
 d - a +0 leather armour
 i - a cursed +0 robe (worn)
 x - a +0 robe
Jewellery
 e - an amulet of magic regeneration (around neck)
Scrolls
 c - 2 scrolls of teleportation
 j - 2 scrolls of enchant weapon
 k - a scroll of immolation {unknown}
 l - 2 scrolls of fog
 o - 2 scrolls of random uselessness
 p - 4 scrolls of identify
 r - 2 scrolls of enchant armour
 u - a scroll of noise {unknown}
Potions
 h - a potion of ambrosia
 n - a potion of haste {unknown}
 v - a potion of curing {unknown}
Books
 b - the Papyrus of Creation

   Spells                             Type                      Level
   a - Summon Small Mammal            Summoning                    1
   b - Recall                         Summoning/Translocation      3
Miscellaneous
 a - a phial of floods
Comestibles
 g - 3 rations
 t - 3 chunks of flesh


   Skills:
 + Level 1.3 Fighting
 + Level 1.3 Short Blades
 + Level 1.3 Long Blades
 + Level 1.3 Axes
 + Level 1.3 Maces & Flails
 + Level 1.3 Polearms
 + Level 1.3 Staves
 + Level 1.3 Slings
 + Level 1.3 Bows
 + Level 1.3 Crossbows
 + Level 1.3 Throwing
 + Level 1.3 Armour
 + Level 2.9 Dodging
 + Level 6.1 Stealth
 + Level 1.3 Shields
 + Level 1.3 Unarmed Combat
 + Level 5.1 Spellcasting
 + Level 1.1 Conjurations
 + Level 1.1 Hexes
 + Level 1.1 Charms
 + Level 3.9 Summonings
 + Level 1.1 Necromancy
 + Level 1.1 Translocations
 + Level 1.1 Transmutations
 + Level 1.1 Fire Magic
 + Level 2.3 Ice Magic
 + Level 1.1 Air Magic
 + Level 1.1 Earth Magic
 + Level 1.1 Poison Magic
 + Level 1.5 Invocations
 + Level 2.9 Evocations


You had 13 spell levels left.
You knew the following spells:

 Your Spells              Type           Power        Failure   Level  Hunger
a - Summon Small Mammal   Summ           ###.         3%          1    None


Dungeon Overview and Level Annotations

Branches:
Dungeon (3/15)

Altars:
Ashenzari
Fedhas

Annotations:
D:3 Grinder


Innate Abilities, Weirdness & Mutations

Your experience applies equally to all skills.
You have very sharp teeth.
Your uncanny sense of smell can sniff out nearby items.


Message History

You hit Grinder. You bite Grinder, but do no damage.
Grinder is heavily wounded.
Grinder hits you.
* * * LOW HITPOINT WARNING * * *
You writhe in agony.
* * * LOW HITPOINT WARNING * * *
Grinder blinks!
You hit Grinder.
Grinder is heavily wounded.
Your quokka is no longer paralysed.
Grinder barely misses you.
Your quokka bites Grinder but does no damage.
You hit Grinder.
Grinder is heavily wounded.
Grinder gestures at you.
You barely resist.
Your quokka bites Grinder.
You hit Grinder but do no damage. You bite Grinder, but do no damage.
Grinder is heavily wounded.
Your quokka bites Grinder.
Grinder hits you.
You die...

#.# #.....# #.# #.....# ###.#
#.....# #.... #.....# #.#.#
#.....# #.#.. #.....# #.#.#
###########.....###.#..
#..%.r@.ยง)'............
........##..5####.....###.###
........##...####.....# #.#
#+###.#>.+............# #.#
#...##...########.###.#..
#...#############..##.#..
#.... .............#.. #.#.#
#########..###.. ##.#####


You could see Grinder and a friendly quokka.

Vanquished Creatures
  An adder (D:2)
  A shadow imp (D:2)
  3 worms (D:2)
  A dart slug (D:2)
  2 leopard geckos
  A ball python (D:3)
  4 bats
  5 giant cockroaches
  A goblin (D:2)
  8 hobgoblins
  4 jackals
  3 quokkas
  8 frilled lizards
  4 kobolds
  7 rats
53 creatures vanquished.

Vanquished Creatures (collateral kills)
  Jessica (D:3)
  An adder (D:3)
  An ooze (D:1)
  A dart slug (D:3)
  A leopard gecko (D:3)
  A bat (D:1)
  7 giant cockroaches (D:2)
  A goblin (D:3)
  A hobgoblin (D:3)
  A jackal (D:1)
  2 kobolds (D:3)
  A rat (D:2)
19 creatures vanquished.

Grand Total: 72 creatures vanquished

Notes
Turn   | Place    | Note
-------+----------+-------------------------------------------
     0 | D:1      | theblackcape the Gnoll Wanderer began the quest for the Orb.
     0 | D:1      | theblackcape set off with: a phial of floods, the Papyrus of Creation, a scroll of teleportation, a +0 robe, a +0 club, a +0 dagger, a ration
     0 | D:1      | Reached XP level 1. HP: 13/13 MP: 6/6
     6 | D:1      | Identified the Papyrus of Creation
     8 | D:1      | Learned a level 1 spell: Summon Small Mammal
   135 | D:1      | Reached XP level 2. HP: 19/19 MP: 7/7
   721 | D:1      | Reached XP level 3. HP: 25/25 MP: 9/9
   969 | D:2      | Reached skill level 5 in Spellcasting
  1052 | D:2      | Reached skill level 6 in Stealth
  1109 | D:2      | Found a shattered altar of Ashenzari.
  1259 | D:2      | Reached skill level 1 in Invocations
  1757 | D:2      | Reached skill level 1 in Fighting
  1757 | D:2      | Reached skill level 1 in Short Blades
  1757 | D:2      | Reached skill level 1 in Long Blades
  1757 | D:2      | Reached skill level 1 in Axes
  1757 | D:2      | Reached skill level 1 in Maces & Flails
  1757 | D:2      | Reached skill level 1 in Polearms
  1757 | D:2      | Reached skill level 1 in Staves
  1757 | D:2      | Reached skill level 1 in Slings
  1757 | D:2      | Reached skill level 1 in Bows
  1757 | D:2      | Reached skill level 1 in Crossbows
  1757 | D:2      | Reached skill level 1 in Throwing
  1757 | D:2      | Reached skill level 1 in Armour
  1757 | D:2      | Reached skill level 1 in Shields
  1757 | D:2      | Reached skill level 1 in Unarmed Combat
  1757 | D:2      | Reached XP level 4. HP: 19/32 MP: 11/11
  2955 | D:2      | Found a blossoming altar of Fedhas.
  3040 | D:3      | Reached skill level 1 in Conjurations
  3040 | D:3      | Reached skill level 1 in Hexes
  3040 | D:3      | Reached skill level 1 in Charms
  3040 | D:3      | Reached skill level 1 in Necromancy
  3040 | D:3      | Reached skill level 1 in Translocations
  3040 | D:3      | Reached skill level 1 in Transmutations
  3040 | D:3      | Reached skill level 1 in Fire Magic
  3040 | D:3      | Reached skill level 1 in Air Magic
  3040 | D:3      | Reached skill level 1 in Earth Magic
  3040 | D:3      | Reached skill level 1 in Poison Magic
  3166 | D:3      | Noticed Jessica
  3179 | D:3      | Killed Jessica
  3179 | D:3      | Reached XP level 5. HP: 28/37 MP: 12/12
  3353 | D:3      | Noticed Grinder
  3360 | D:3      | Paralysed by Grinder for 3 turns
  3405 | D:3      | Slain by Grinder

Skill      XL: |  1  2  3  4 |
---------------+-------------+-----
Ice Magic      | 2 |  2.3
Spellcasting   | 5 |  5.1
Stealth        | 6 |  6.1
Invocations    | 1 |  1.5
Fighting       | 1 |  1.3
Short Blades   | 1 |  1.3
Long Blades    | 1 |  1.3
Axes           | 1 |  1.3
Maces & Flails | 1 |  1.3
Polearms       | 1 |  1.3
Staves         | 1 |  1.3
Slings         | 1 |  1.3
Bows           | 1 |  1.3
Crossbows      | 1 |  1.3
Throwing       | 1 |  1.3
Armour         | 1 |  1.3
Shields        | 1 |  1.3
Unarmed Combat | 1 |  1.3
Conjurations   | 1 |  1.1
Hexes          | 1 |  1.1
Charms         | 1 |  1.1
Necromancy     | 1 |  1.1
Translocations | 1 |  1.1
Transmutations | 1 |  1.1
Fire Magic     | 1 |  1.1
Air Magic      | 1 |  1.1
Earth Magic    | 1 |  1.1
Poison Magic   | 1 |  1.1
Dodging        | |  2.9
Summonings     | |  3.9
Evocations     | |  2.9

Action                   |  1- 3 |  4- 6 || total
-------------------------+-------+-------++-------
Melee: Dagger            |    64 |    91 ||   155
       Bite              |    18 |    16 ||    34
       Whip              |    57 |    32 ||    89
       Punch             |       |     1 ||     1
 Fire: Hunting sling     |       |     4 ||     4
 Cast: Summon Small Mamm |    13 |    34 ||    47
  Use: Potion            |       |     1 ||     1
       Scroll            |       |     4 ||     4
 Stab: Sleeping          |    17 |     5 ||    22
       Distracted        |     1 |       ||     1
  Eat: Chunk             |     3 |     5 ||     8
Armor: Robe              |    16 |    23 ||    39
Dodge: Dodged            |    87 |    96 ||   183
